 Dungeon Crawl Stone Soup version 0.19.5 (webtiles) character file.

210 miragecloak the Spear-Bearer (level 5, 0/41 HPs)
             Began as a Merfolk Abyssal Knight on May 8, 2017.
             Was a Believer of Lugonu.
             Slain by a howler monkey (2 damage)
             ... on level 3 of the Dungeon.
             The game lasted 00:05:10 (4179 turns).

miragecloak the Spear-Bearer (MfAK)                 Turns: 4179, Time: 00:05:11

Health: 0/41       AC:  4    Str: 12    XL:     5   Next: 87%
Magic:  6/6        EV: 11    Int: 12    God:    Lugonu [**....]
Gold:   124        SH:  2    Dex: 14    Spells: 0 memorised, 4 levels left

rFire  . . .     SeeInvis .     o - +0 trident
rCold  + . .     Gourm    .     b - +0 leather armour
rNeg   . . .     Faith    .     (no shield)
rPois  .         Spirit   .     (no helmet)
rElec  .         Reflect  +     (no cloak)
rCorr  .         Harm     .     p - +0 pair of gloves
MR     .....                    (no boots)
Stlth  +.........               s - +2 amulet of reflection
                                (no ring)
                                r - ring of protection from cold

@: heavily drained
A: change form in water, swift swim, stealthy swim
a: Depart the Abyss, Bend Space, Renounce Religion


You were on level 3 of the Dungeon.
You worshipped Lugonu.
Lugonu was pleased with you.
You were hungry.

You visited 1 branch of the dungeon, and saw 5 of its levels.
You visited the Abyss 1 time.

You collected 124 gold pieces.

Inventory:

Hand Weapons
 a - a +1 spear
 o - a +0 trident (weapon)
Armour
 b - a +0 leather armour (worn)
 p - a +0 pair of gloves (worn)
Jewellery
 l - an uncursed amulet of guardian spirit
 r - a ring of protection from cold (left hand)
 s - a +2 amulet of reflection (around neck)
Scrolls
 d - 3 scrolls of remove curse {unknown}
 e - a scroll of immolation {unknown}
 f - 3 scrolls of teleportation {unknown}
 j - a scroll of enchant weapon {unknown}
 q - a scroll of enchant armour {unknown}
 t - a scroll of noise {unknown}
Potions
 g - a potion of degeneration {unknown}
 k - a potion of flight {unknown}
 m - a potion of haste {unknown}
Comestibles
 c - 2 bread rations
 i - a royal jelly
 n - a meat ration


   Skills:
 - Level 3.2(1.9) Fighting
 + Level 8.5(7.0) Polearms
 - Level 0.6(0.0) Armour
 - Level 2.6(1.3) Dodging
 - Level 2.0(0.7) Invocations


You had 4 spell levels left.
You didn't know any spells.

Dungeon Overview and Level Annotations

Branches:
Dungeon (5/15)
 Temple: D:4-7

Altars:
Hepliaklqana

Annotations:
D:4 Azzok's ghost, amateur MiFi
D:5 Grinder


Message History

The howler monkey is moderately wounded.
The howler monkey hits you!
* * * LOW HITPOINT WARNING * * *
The orc barely misses you. The howler monkey hits you.
* * * LOW HITPOINT WARNING * * *
You are too injured to fight recklessly!
You are too injured to fight recklessly!
You are too injured to fight recklessly!
You are too injured to fight recklessly!
You are too injured to fight recklessly!
You closely miss the howler monkey.
The howler monkey is moderately wounded.
The howler monkey barely misses you.
The orc hits you with a short sword of draining.
* * * LOW HITPOINT WARNING * * *
You feel drained.
You hit the howler monkey but do no damage.
The howler monkey is moderately wounded.
The howler monkey hits you.
You die...

#...........#######.#
#.######.##.# #.# #.#
#.##.#######.## #.#
#.##..........# #.#
#.##..........#
###.######.##..........#
#..........##..........#
#########.#.#########..........#
#.....<##.#.# #@o...............
##.######.#.# #h###.#..........#
##.######.#.###.###.#..........#
#.......<.).........#..........#
#########)[...#.#####.##...(....
#.....'.............##........
#.#####.....#........#........
#.# #.....#.##.###.#.####### #.#
#####.#.##.###.#.#######


You could see a howler monkey and an orc.

Vanquished Creatures
  2 orc priests (D:3)
  An orc wizard (D:2)
  A worker ant (D:5)
  An adder (D:3)
  5 worms (D:2)
  A dart slug (D:2)
  2 leopard geckos
  10 orcs
  6 bats
  2 giant cockroaches
  3 goblins
  10 hobgoblins
  6 kobolds
  2 quokkas (D:2)
  4 frilled lizards
  9 rats
65 creatures vanquished.

Notes
Turn   | Place    | Note
-------+----------+-------------------------------------------
     0 | Abyss:1  | miragecloak the Merfolk Abyssal Knight began the quest for the Orb.
     0 | Abyss:1  | Reached XP level 1. HP: 18/18 MP: 2/2
    33 | Abyss:1  | Noticed a kraken
    34 | D:1      | Escaped the Abyss
   104 | D:1      | Reached * piety under Lugonu
   275 | D:1      | Reached skill level 4 in Polearms
   275 | D:1      | Reached XP level 2. HP: 24/24 MP: 3/3
   992 | D:2      | Reached XP level 3. HP: 29/29 MP: 4/4
  1017 | D:2      | Reached skill level 5 in Polearms
  1078 | D:2      | Found a hazy altar of Hepliaklqana.
  1902 | D:2      | Reached skill level 6 in Polearms
  1902 | D:2      | Reached XP level 4. HP: 6/35 MP: 5/5
  2361 | D:2      | Reached ** piety under Lugonu
  2446 | D:3      | Reached skill level 7 in Polearms
  2446 | D:3      | Reached XP level 5. HP: 29/41 MP: 6/6
  2837 | D:3      | Reached skill level 8 in Polearms
  3540 | D:4      | Noticed Azzok's ghost (amateur MiFi)
  3860 | D:5      | Entered Level 5 of the Dungeon
  3869 | D:5      | Noticed Grinder
  4178 | D:3      | HP: 2/41 [orc/short sword of draining (3)]
  4179 | D:3      | Slain by a howler monkey

Skill      XL: |  1  2  3  4  5 |
---------------+----------------+-----
Polearms       | 4 6 7 8 |  8.5
Fighting       | |  3.2
Armour         | |  0.6
Dodging        | |  2.6
Invocations    | |  2.0

Action                   |  1- 3 |  4- 6 || total
-------------------------+-------+-------++-------
Melee: Spear             |   127 |    17 ||   144
       Trident           |       |    94 ||    94
Invok: Depart the Abyss  |     1 |       ||     1
 Stab: Sleeping          |     1 |       ||     1
  Eat: Chunk             |     3 |     5 ||     8
       Pizza             |       |     1 ||     1
Armor: Leather armour    |    17 |     6 ||    23
Dodge: Dodged            |    36 |    63 ||    99
Block: Other             |       |     3 ||     3
